 Dungeon Crawl Stone Soup version 0.28.0-53-g5a82cb258f (webtiles) character file.

Game seed: 8026007981368450275

88 Descartes the Shield-Bearer (level 4, 0/33 (37) HPs)
             Began as a Formicid Fighter on Aug 6, 2022.
             Killed from afar by Sigmund (5 damage)
             ... with a puff of flame
             ... on level 2 of the Dungeon.
             The game lasted 00:04:09 (2297 turns).

Descartes the Shield-Bearer (Formicid Fighter)      Turns: 2297, Time: 00:04:09

HP:   0/33 (37)     AC:  7    Str: 22    XL:     4   Next: 81%
MP:   4/4           EV:  7    Int:  8    God:
Gold: 59            SH: 12    Dex: 10    Spells: 3/3 levels left

rFire   . . .      SeeInvis +   a - +0 war axe
rCold   . . .      Faith    .   m - +0 tower shield
rNeg    . . .      Spirit   .   b - +0 scale mail
rPois   .          Reflect  .   (helmet unavailable)
rElec   .          Harm     .   (no cloak)
rCorr   .          Rampage  .   (no gloves)
Will    .....                   (no boots)
Stlth   ..........              (no amulet)
HPRegen 0.11/turn               (no ring)
MPRegen 0.09/turn               (no ring)

@: mighty, heavily drained
A: permanent stasis, dig shafts and tunnels, antennae 3, four strong arms
a: Dig, Shaft Self


You were on level 2 of the Dungeon.
You visited 1 branch of the dungeon, and saw 2 of its levels.

You collected 59 gold pieces.

Inventory:

Hand Weapons
 a - a +0 war axe (weapon)
Missiles
 f - 125 stones
 l - 2 poisoned darts
Armour
 b - a +0 scale mail (worn)
 c - a +0 buckler
 m - a +0 tower shield (worn)
Scrolls
 g - 2 scrolls of identify {unknown}
 h - a scroll of amnesia {unknown}
 i - a scroll of teleportation {unknown}
 j - 3 scrolls of enchant weapon {unknown}
 n - a scroll of fog {unknown}
Potions
 e - a potion of curing {unknown}
 k - a potion of heal wounds {unknown}


   Skills:
 + Level 3.8 Fighting
 + Level 2.7 Axes
 + Level 3.9 Armour
 * Level 4.8 Shields


You had 3 spell levels left.
You didn't know any spells.
Your spell library contained the following spells:

 Spells                   Type           Power      Damage    Failure   Level
 Corpse Rot               Necr/Air       0%         N/A       100%        2
 Poisonous Vapours        Pois/Air       0%         N/A       100%        2


Dungeon Overview and Level Annotations

Branches:
Dungeon (2/15)

Altars:

Shops:
D:1 *

Annotations:
D:2 Sigmund


Innate Abilities, Weirdness & Mutations

You cannot be hasted, slowed, berserked, paralysed or teleported.
You can dig through walls and to a lower floor.
You have a pair of large antennae on your head. (SInv)
Your four strong arms can wield two-handed weapons with a shield.


Message History

You bump into the rock wall.
You feel less confused.
You hit Sigmund.
Sigmund is heavily wounded.
You block Sigmund's attack.
Sigmund points at you and mumbles some strange words.
You are confused.
You closely miss Sigmund.
Sigmund is heavily wounded.
Sigmund barely misses you.
You bump into the rock wall.
Sigmund hits you but does no damage.
You're too confused to move!
You bump into the rock wall.
Sigmund barely misses you.
You miss Sigmund.
Sigmund is heavily wounded.
You feel less confused. Sigmund hits you but does no damage.
You barely miss Sigmund.
Sigmund is heavily wounded.
You block Sigmund's attack.
You completely miss Sigmund.
Sigmund is heavily wounded.
Sigmund says, "Look into my eyes."
Sigmund barely misses you.
You barely miss Sigmund.
Sigmund is heavily wounded.
You block Sigmund's attack.
You slash Sigmund!
Sigmund is almost dead.
Sigmund barely misses you.
Sigmund hits you with a +1 scythe of freezing!
* * * LOW HITPOINT WARNING * * *
Sigmund freezes you.
* * * LOW HITPOINT WARNING * * *
You feel very mighty all of a sudden.
You barely miss Sigmund.
Sigmund is severely wounded.
Sigmund gestures at you while chanting. The puff of flame hits you.
You die...

#..# #.......#
...# #.......#
.#.. ##...##..#
#### #8...8#..#
##...##..#
#...##..#
##...##..#
#8...8#..###
##...#.@.#@#
##.....###@##
##.......####
#8.........8#
#.....⌠.....##
.....###.....##
....# ##.....#
...8 #8....8#
..# ###...##


You could see Sigmund.

Vanquished Creatures
  Robin (D:1)
  2 adders
  A worm (D:1)
  A dart slug (D:2)
  2 ball pythons (D:1)
  3 bats (D:1)
  3 endoplasms
  A giant cockroach (D:1)
  12 hobgoblins (D:1)
  4 kobolds
  2 quokkas (D:1)
  A frilled lizard (D:1)
  9 goblins
  5 rats
47 creatures vanquished.

Notes
Turn   | Place    | Note
-------+----------+-------------------------------------------
     0 | D:1      | Descartes the Formicid Fighter began the quest for the Orb.
     0 | D:1      | Reached XP level 1. HP: 18/18 MP: 1/1
    46 | D:1      | Found a faded altar of an unknown god.
   141 | D:1      | Found Teazapse's General Store.
   226 | D:1      | Reached XP level 2. HP: 17/24 MP: 2/2
   360 | D:1      | Reached skill level 4 in Shields
  1131 | D:1      | Reached XP level 3. HP: 10/29 MP: 3/3
  1646 | D:2      | Reached XP level 4. HP: 25/37 MP: 4/4
  1753 | D:2      | Noticed Robin
  1981 | D:1      | Killed Robin
  2255 | D:2      | Noticed Sigmund
  2297 | D:2      | Killed from afar by Sigmund

Illustrated notes

Levels and vault maps discovered:
D:1:      beargit_arrival_greenhouse, layout_loops_corners, serial_shops,
          nicolae_square_shop, shapermc_ecumenical_altar_totnotflames,
          ebering_dispersal_statue_hall
D:2:      layout_rooms, serial_corexii_hall, chequers_hall_statues_corner_a,
          corexii_hall_statues_s, chequers_hall_statues_y, uniq_sigmund,
          uniq_robin

Skill      XL: |  1  2 |
---------------+-------+-----
Shields        | 4 |  4.8
Fighting       | |  3.8
Axes           | |  2.7
Armour         | |  3.9

Action                   |  1- 3 |  4- 6 || total
-------------------------+-------+-------++-------
Melee: War axe           |    85 |    54 ||   139
 Abil: Dig               |       |     2 ||     2
  Use: Potion            |       |     1 ||     1
Armor: Scale mail        |    58 |    37 ||    95
Dodge: Dodged            |    56 |    28 ||    84
Block: Buckler           |    28 |    16 ||    44
       Tower shield      |       |     6 ||     6
